 Dungeon Crawl Stone Soup version 0.29-a0-732-g3d7fbe0af2 (webtiles) character file.

Game seed: 2691065867321227686

259 RancidPinata the Trooper (level 6, -12/38 HPs)
             Began as a Gargoyle Gladiator on June 29, 2022.
             Killed from afar by Pikel (21 damage)
             ... with a bolt of dispelling energy
             ... on level 4 of the Dungeon.
             The game lasted 00:08:03 (2910 turns).

RancidPinata the Trooper (Gargoyle Gladiator)       Turns: 2910, Time: 00:08:04

Health: -12/38     AC: 12    Str: 20    XL:     6   Next: 17%
Magic:  6/6        EV: 11    Int:  8    God:
Gold:   167        SH:  0    Dex: 11    Spells: 5/5 levels left

rFire   . . .      SeeInvis .   b - +2 hand axe (elec)
rCold   . . .      Faith    .   (no shield)
rNeg    + . .      Spirit   .   y - +0 ring mail
rPois   ∞          Reflect  .   c - +0 helmet
rElec   +          Harm     .   q - +0 cloak
rCorr   +          Rampage  .   (no gloves)
Will    .....                   (no boots)
Stlth   +.........              (no amulet)
HPRegen 0.12/turn               B - ring of Liujati {rPois rCorr}
MPRegen 0.10/turn               (no ring)

@: mighty
A: sickness immunity, AC +4, negative energy resistance 1, electricity
resistance, torment resistance 1, petrification resistance
a: no special abilities


You were on level 4 of the Dungeon.
You visited 1 branch of the dungeon, and saw 4 of its levels.

You collected 167 gold pieces.

Inventory:

Hand Weapons
 a - a +0 flail
 b - a +2 hand axe of electrocution (weapon)
 h - a +4 hand axe
Missiles
 d - 3 throwing nets
 e - a javelin (quivered)
 l - 51 stones
 o - 6 poisoned darts
Armour
 c - a +0 helmet (worn)
 q - a +0 cloak (worn)
 y - a +0 ring mail (worn)
 A - a +0 pair of gloves
Jewellery
 g - a ring of magical power
 B - the ring of Liujati (left hand) {rPois rCorr}
   (You found it on level 4 of the Dungeon)

   [ring of poison resistance]

   rPois:     It protects you from poison.
   rCorr:     It protects you from acid and corrosion.
Wands
 C - a wand of digging (6)
Scrolls
 j - 2 scrolls of poison {unknown}
 k - a scroll of silence {unknown}
 n - 5 scrolls of identify {unknown}
 p - a scroll of fear {unknown}
 u - a scroll of enchant armour {unknown}
 x - a scroll of teleportation {unknown}
 z - 2 scrolls of immolation {unknown}
Potions
 f - a potion of experience {unknown}
 m - a potion of cancellation {unknown}
 r - a potion of resistance {unknown}
 s - a potion of haste {unknown}
 t - a potion of magic {unknown}
 v - 3 potions of heal wounds {unknown}
 w - a potion of lignification {unknown}


   Skills:
 * Level 4.1 Fighting
 * Level 2.4(3.1) Axes
 - Level 3.1(3.6) Maces & Flails
 + Level 2.6 Throwing
 + Level 2.0 Armour
 + Level 3.0 Dodging


You had 5 spell levels left.
You didn't know any spells.
Your spell library contained the following spells:

 Spells                   Type           Power      Damage    Failure   Level
 Sting                    Tmut/Pois      0%         1d3       58%         1
 Poisonous Vapours        Pois/Air       0%         N/A       73%         2
 Olgreb's Toxic Radiance  Pois           0%         N/A       100%        4


Dungeon Overview and Level Annotations

Branches:
Dungeon (4/15)
 Temple: D:4-7

Altars:

Annotations:
D:4 Pikel


Innate Abilities, Weirdness & Mutations

You are immune to sickness and miasma.
Your stone body is resilient. (AC +4)
You are immune to poison.
You resist negative energy. (rN+)
You are resistant to electric shocks. (rElec)
You are resistant to unholy torment.
You are immune to petrification.


Message History

You closely miss the adder. The adder bites you but does no damage.
You hit the adder.
The adder is lightly wounded.
The adder barely misses you. x2
You barely miss the adder.
The adder is lightly wounded.
The adder closely misses you.
You miss the adder.
The adder is lightly wounded.
The adder bites you. The adder barely misses you.
You closely miss the adder.
The adder is lightly wounded.
The adder bites you but does no damage.
You miss the adder.
The adder is lightly wounded.
You closely miss Pikel. The adder barely misses you.
Pikel hits you with a +0 whip of freezing.
Pikel freezes you. The adder bites you but does no damage.
You barely miss the adder.
The adder is lightly wounded.
You hit Pikel but do no damage. The adder bites you but does no damage.
Pikel hits you with a +0 whip of freezing.
Pikel freezes you.
You feel very mighty all of a sudden. The adder barely misses you.
Pikel hits you with a +0 whip of freezing.
* * * LOW HITPOINT WARNING * * *
Pikel freezes you.
* * * LOW HITPOINT WARNING * * *
You barely miss Pikel. You hit the adder. Lightning courses through the adder!
You kill the adder!
Pikel zaps a wand.
The bolt of dispelling energy misses you.
You hit Pikel.
Pikel is lightly wounded.
Pikel zaps a wand.
The bolt of dispelling energy hits you!!
Your magical effects are unravelling.
Ouch! That really hurt!
You die...

## # #..≈≈.8 .#### #
#..≈≈###g... . #..≈≈#.g.
##.# # #..≈≈#g# #.###.©
#..≈≈#####...... #
#..≈≈≈≈≈≈≈≈≈≈≈≈≈ #
#..≈≈≈≈≈≈≈≈≈≈≈≈≈ #
#......K@†......
#########...############
..K)......###
########### #.# # #5# #
#.# # #K# ## ####### #.#
.# #.....###5#


You could see Pikel.

Vanquished Creatures
  A black bear (D:4)
  2 orc priests
  2 adders
  A worm (D:3)
  5 dart slugs
  6 orcs
  6 bats
  5 endoplasms
  3 giant cockroaches
  7 hobgoblins
  7 jackals (D:1)
  4 quokkas
  5 ball pythons
  2 frilled lizards
  10 goblins
  4 kobolds
  6 rats
76 creatures vanquished.

Vanquished Creatures (others)
  A hobgoblin (D:4)
1 creature vanquished.

Grand Total: 77 creatures vanquished

Notes
Turn   | Place    | Note
-------+----------+-------------------------------------------
     0 | D:1      | RancidPinata the Gargoyle Gladiator began the quest for the
                  | Orb.
     0 | D:1      | Reached XP level 1. HP: 12/12 MP: 1/1
   158 | D:1      | Reached XP level 2. HP: 18/18 MP: 2/2
   316 | D:1      | Found a faded altar of an unknown god.
   338 | D:1      | Reached XP level 3. HP: 19/22 MP: 3/3
   424 | D:1      | You fall into a shaft and drop 1 floor!
   799 | D:2      | Reached skill level 3 in Fighting
   850 | D:2      | Reached skill level 1 in Axes
  1232 | D:2      | Reached skill level 1 in Armour
  1269 | D:2      | Reached XP level 4. HP: 28/28 MP: 4/4
  2071 | D:3      | Reached XP level 5. HP: 20/32 MP: 5/5
  2676 | D:4      | Identified the ring of Liujati {rPois rCorr}
  2731 | D:4      | Noticed a black bear
  2739 | D:4      | Killed a black bear
  2740 | D:4      | Reached skill level 4 in Fighting
  2792 | D:4      | Reached XP level 6. HP: 14/38 MP: 6/6
  2828 | D:4      | Noticed Pikel
  2910 | D:4      | Killed from afar by Pikel

Illustrated notes

Levels and vault maps discovered:
D:1:      shiori_arrival_oz, layout_rooms, hellmonk_ecumenical_altar_crossroads
D:2:      layout_basic
D:3:      layout_basic, kennysheep_generic_room_3
D:4:      layout_loops_corners, portal_sewer_entry_e,
          gammafunk_ghost_gnarly_gnolls, uniq_pikel

Skill      XL: |  1  2  3  4  5 |
---------------+----------------+-----
Throwing       | 2 |  2.6
Fighting       | 3 4 |  4.1
Axes           | 1 2 |  2.4
Armour         | 1 2 |  2.0
Dodging        | 3 |  3.0
Maces & Flails | |  3.1

Action                   |  1- 3 |  4- 6 || total
-------------------------+-------+-------++-------
Melee: Flail             |    12 |       ||    12
       Hand axe          |    66 |    87 ||   153
       Punch             |     1 |     2 ||     3
  Use: Potion            |       |     1 ||     1
 Stab: Sleeping          |       |     1 ||     1
Armor: Leather armour    |    46 |    13 ||    59
       Ring mail         |       |    30 ||    30
Dodge: Dodged            |    59 |    53 ||   112

Table legend: (Time is in decaauts)
 A = Elapsed time spent in this place.
 B = Non-inter-level travel time spent in this place.
 C = Inter-level travel time spent in this place.
 D = Time resting spent in this place.
 E = Time spent auto-exploring this place.
 F = Levels seen in this place.
 G = Mean time per level.
                   A        B        C        D        E       F      G
               +--------+--------+--------+--------+--------+-----+--------+
         Total |   2940 |   2891 |     49 |    726 |   1208 |   4 |  735.0 |
       Dungeon |   2940 |   2891 |     49 |    726 |   1208 |   4 |  735.0 |
               +--------+--------+--------+--------+--------+-----+--------+

Top non-repeatable levels by time:
     D:3: 1073 daAuts
     D:2: 766 daAuts
     D:1: 730 daAuts
     D:4: 370 daAuts
